 Dungeon Crawl Stone Soup version 0.31-a0-1118-gbca3d03946 (webtiles) character file.

Game seed: 11833898279830698533

37 Crownlay the Vexing (level 3, -3/16 HPs)
             Began as a Felid Enchanter on Dec 4, 2023.
             Slain by a cerulean imp
             ... wielding a +2 spear
             ... summoned by Natasha
              (4 damage)
             ... on level 2 of the Dungeon.
             The game lasted 00:01:39 (1043 turns).

Crownlay the Vexing (Felid Enchanter)               Turns: 1043, Time: 00:01:39

Health: -3/16      AC:  1    Str:  4    XL:     3   Next: 21%
Magic:  16/16      EV: 18    Int: 16    God:
Gold:   87         SH:  0    Dex: 18    Spells: 0/6 levels left
                                        Lives:  0   Deaths: 1

rFire   . .          .
                       - Unarmed
rCold   . . .        (shield unavailable)
rNeg    . . .        (body armour unavailable)
rPois   .            (helmet unavailable)
rElec   .            (cloak unavailable)
rCorr   .            (gloves unavailable)
SInv    +            (boots unavailable)
Will    .....        g - amulet of magic regeneration
Stlth   +++          f - ring of magical power
HPRegen 0.22/turn    (no ring)
MPRegen 0.55/turn

%: no passive effects
@: quick
A: very small, claws 1, fangs 3, see invisible, speed 1, shaggy fur 1, stealthy
paws, no weapons or thrown items, no armour, multi-lived
a: no special abilities


You were on level 2 of the Dungeon.
You visited 1 branch of the dungeon, and saw 2 of its levels.

You collected 87 gold pieces.

Inventory:

Jewellery
 f - a ring of magical power (left paw)
 g - an amulet of magic regeneration (around neck)
Scrolls
 b - 2 scrolls of teleportation {unknown}
Potions
 a - 2 potions of invisibility
 c - 5 potions of curing {unknown}
 d - a potion of attraction {unknown}
 e - a potion of degeneration {unknown}
 h - a potion of heal wounds {unknown}


   Skills:
 * Level 1.7 Fighting
 - Level 2.8 Dodging
 - Level 4.1 Stealth
 * Level 2.1 Unarmed Combat
 - Level 2.0 Spellcasting
 - Level 4.5 Hexes


You couldn't memorise any spells.
You knew the following spells:

 Your Spells              Type           Power      Damage    Failure   Level
a - Confusing Touch       Hex            16%        N/A       10%         3
b - Tukima's Dance        Hex            16%        N/A       10%         3

Your spell library contained the following spells:

 Spells                   Type           Power      Damage    Failure   Level
 Ensorcelled Hibernation  Hex/Ice        16%        N/A       12%         2
 Sandblast                Erth           2%         2d4       21%         1
 Dazzling Flash           Conj/Hex       16%        N/A       24%         3
 Passwall                 Tmut/Erth      0%         N/A       30%         2
 Stone Arrow              Conj/Erth      2%         3d7       52%         3
 Brom's Barrelling Bould  Conj/Erth      1%         2d3       90%         4


Dungeon Overview and Level Annotations

Branches:
Dungeon (2/15)

Altars:
Qazlal

Annotations:
D:2 Natasha


Innate Abilities, Weirdness & Mutations

You have sharp claws.
You have razor-sharp teeth.
You have supernaturally acute eyesight. (SInv)
You cover ground quickly. (Speed+)
You are covered in fur. (AC +1)
Your paws help you pounce on unaware monsters.
You are incapable of wielding weapons or throwing items.
You cannot wear armour.
You gain extra lives every three experience levels.


Message History

Done exploring.
Done exploring.
Done exploring.
Done exploring.
There is an open door here.
You see here a bat skeleton.
There is an open door here.
There is a stone staircase leading down here.
You climb downwards.
There is a stone staircase leading up here.
You now have 87 gold pieces (gained 13).
Found a stormy altar of Qazlal.
Found an escape hatch in the ceiling.
There is a stormy altar of Qazlal here.
You open the door.
There is an open door here.
Natasha, Servant of Life and Death comes into view.
A ball python comes into view.
Natasha hisses angrily.
Natasha claws you.
You closely miss Natasha. Natasha barely misses you.
You scratch Natasha but do no damage.
The ball python hisses angrily.
Natasha misses you.
You scratch Natasha but do no damage. Natasha claws you!
Ouch! That really hurt!
You closely miss Natasha. Natasha misses you.
You closely miss Natasha.
Natasha mumbles some strange words.
You scratch Natasha.
Natasha is lightly wounded.
The ball python misses you. The ball python closely misses you.
You barely miss Natasha.
Natasha is lightly wounded.
Natasha stares at you and mumbles some strange words.
The magic dart hits you.
* * * LOW HITPOINT WARNING * * *
The ball python closely misses you. The ball python barely misses you.
The cerulean imp hits you from afar with a +2 spear.
You die...

#...# ...#
####### ...#
#.....# ...######
#.....# #........
#.....# #.5......
#.....# #hS......
#.....# #@.......
#....<###........
#.....'..........
#.....###........
#.....# #........
###.....#
#........
#.......#
#########
#......##
#.._...########


You could see Natasha, a cerulean imp (summoned) and a ball python.

Vanquished Creatures
  2 dart slugs (D:1)
  6 ball pythons (D:1)
  2 bats (D:1)
  3 endoplasms (D:1)
  2 giant cockroaches (D:1)
  3 goblins (D:1)
  3 hobgoblins (D:1)
  A quokka (D:1)
  A frilled lizard (D:1)
  3 kobolds (D:1)
  3 rats (D:1)
29 creatures vanquished.

Notes
Turn   | Place    | Note
-------+----------+-------------------------------------------
     0 | D:1      | Crownlay the Felid Enchanter began the quest for the Orb.
     0 | D:1      | Reached XP level 1. HP: 7/7 MP: 4/4
   125 | D:1      | Reached XP level 2. HP: 12/12 MP: 6/6
   152 | D:1      | Reached skill level 1 in Fighting
   286 | D:1      | Slain by a ball python
   430 | D:1      | Reached XP level 3. HP: 14/15 MP: 7/7
   769 | D:1      | Learned a level 3 spell: Confusing Touch
   773 | D:1      | Learned a level 3 spell: Tukima's Dance
  1011 | D:2      | Found a stormy altar of Qazlal.
  1034 | D:2      | Noticed Natasha
  1043 | D:2      | Slain by a cerulean imp

Illustrated notes

Levels and vault maps discovered:
D:1:      evilmike_arrival_plus, layout_basic
D:2:      layout_basic, basic_altar, serial_shops, shop,
          nicolae_shop_real_fake_doors, nicolae_shop_scrapyard, minmay_tall_x,
          uniq_robin, uniq_crazy_yiuf_cottage, uniq_natasha

Skill      XL: |  1  2 |
---------------+-------+-----
Fighting       | 1 |  1.7
Unarmed Combat | 2 |  2.1
Dodging        | |  2.8
Stealth        | |  4.1
Spellcasting   | |  2.0
Hexes          | |  4.5

Action                     || total
---------------------------++-------
  Melee: Unarmed           ||    89
         Bite              ||    10
         Punch             ||     2
   Stab: Sleeping          ||     6
         Distracted        ||     1
 Armour: Skin              ||    24
  Dodge: Dodged            ||    74

Table legend: (Time is in decaauts)
 A = Elapsed time spent in this place.
 B = Non-inter-level travel time spent in this place.
 C = Inter-level travel time spent in this place.
 D = Time resting spent in this place.
 E = Time spent auto-exploring this place.
 F = Levels seen in this place.
 G = Mean time per level.
                   A        B        C        D        E       F      G
               +--------+--------+--------+--------+--------+-----+--------+
         Total |    889 |    851 |     38 |      0 |    646 |   2 |  444.5 |
       Dungeon |    889 |    851 |     38 |      0 |    646 |   2 |  444.5 |
               +--------+--------+--------+--------+--------+-----+--------+

Top non-repeatable levels by time:
     D:1: 826 daAuts
     D:2: 62 daAuts
